 Dungeon Crawl Stone Soup version 0.25.0-9-g26727b657a (webtiles) character file.

Game seed: 6047955702871790927

53 ANON1729 the Shooter (level 3, 0/28 HPs)
             Began as a Centaur Arcane Marksman on June 19, 2020.
             Slain by a jackal (3 damage)
             ... on level 2 of the Dungeon.
             The game lasted 00:02:19 (1935 turns).

ANON1729 the Shooter (Centaur Arcane Marksman)      Turns: 1935, Time: 00:02:19

Health: 0/28       AC:  4    Str: 13    XL:     3   Next: 62%
Magic:  4/4        EV: 10    Int: 12    God:
Gold:   89         SH:  0    Dex:  9    Spells: 3/4 levels left

rFire    . . .     SeeInvis .   a - +0 shortbow
rCold    . . .     Gourm    .   (shield currently unavailable)
rNeg     . . .     Faith    .   e - +0 robe
rPois    .         Spirit   .   (no helmet)
rElec    .         Reflect  .   (no cloak)
rCorr    .         Harm     .   (no gloves)
MR       .....                  (no barding)
Stlth    +.........             (no amulet)
HPRegen  0.09/turn              (no ring)
MPRegen  0.09/turn              (no ring)

@: very quick
A: large, hooves 3, deformed body, speed 2, tough skin 3
a: no special abilities


You were on level 2 of the Dungeon.
You were not hungry.

You visited 1 branch of the dungeon, and saw 2 of its levels.

You collected 89 gold pieces.

Inventory:

Hand Weapons
 a - a +0 shortbow (weapon)
 j - a +3 whip of holy wrath
Missiles
 d - 47 arrows (quivered)
 h - 18 poisoned darts
Armour
 e - a +0 robe (worn)
Scrolls
 c - 4 scrolls of identify {unknown}
 i - a scroll of fear {unknown}
 m - a scroll of random uselessness {unknown}
 n - a scroll of remove curse {unknown}
 o - 4 scrolls of teleportation {unknown}
 p - a scroll of amnesia {unknown}
Potions
 b - a potion of magic {unknown}
 g - a potion of lignification {unknown}
 k - a potion of stabbing {unknown}
 l - a potion of curing {unknown}
 q - a potion of heal wounds {unknown}
Comestibles
 f - 4 rations
 r - a chunk of flesh


   Skills:
 + Level 1.3 Fighting
 + Level 3.8 Bows
 + Level 1.9 Dodging
 + Level 1.2 Spellcasting
 + Level 3.0 Hexes


You had 3 spell levels left.
You knew the following spells:

 Your Spells              Type           Power        Failure   Level  Hunger
a - Corona                Hex            #......      9%          1    ##.....

Your spell library contained the following spells:

 Spells                   Type           Power        Failure   Level  Hunger
 Slow                     Hex            #.......     13%         2    ###....
 Inner Flame              Hex/Fire       #.......     43%         3    ####...
 Portal Projectile        Hex/Tloc       #.....       43%         3    ####...
 Cause Fear               Hex            #.........   63%         4    #####..
 Leda's Liquefaction      Hex/Erth       #.........   83%         4    #####..


Dungeon Overview and Level Annotations

Branches:
Dungeon (2/15)

Altars:


Innate Abilities, Weirdness & Mutations

You have hooves in place of feet.
Armour fits poorly on your strangely shaped body.
You cover ground very quickly.
You have extremely tough skin. (AC +3)


Message History

The hobgoblin is almost dead.
You feel sick.
You are no longer poisoned.
The jackal bites you.
* * * LOW HITPOINT WARNING * * *
Firing (i - inventory. (/) - cycle)
d - 49 arrows (quivered)
Press: ? - help, Shift-Dir - straight line, f/p - jackal
Aim: a jackal (almost dead)
You shoot an arrow. The arrow closely misses the jackal.
The arrow hits the hobgoblin!
You kill the hobgoblin!
The jackal closely misses you. x2
Firing (i - inventory. (/) - cycle)
d - 48 arrows (quivered)
Press: ? - help, Shift-Dir - straight line, f/p - jackal
Aim: a jackal (almost dead)
You shoot an arrow.
The arrow hits the jackal but does no damage.
The jackal is almost dead.
The jackal bites you.
You die...

####### .......
#...... .......
#.####. .......
####...... .......
##.(...#### .......
#...#...... .......
#..#_#..###
.......#### #...#...#
.(...(hh@.# #.รท....##
#'##'#l##.#####..###.#
#.#......)......#
..#..############
....... .....#..
...##.#... #... #.#...
#+#...#


You could see 2 jackals and a frilled lizard.

Vanquished Creatures
  2 adders (D:2)
  A dart slug (D:1)
  A leopard gecko (D:1)
  A giant cockroach (D:2)
  4 goblins
  8 hobgoblins
  2 jackals (D:2)
  A quokka (D:2)
  2 bats (D:2)
  A frilled lizard (D:2)
  3 kobolds (D:1)
  2 rats (D:1)
28 creatures vanquished.

Notes
Turn   | Place    | Note
-------+----------+-------------------------------------------
     0 | D:1      | ANON1729 the Centaur Arcane Marksman began the quest for
                  | the Orb.
     0 | D:1      | Reached XP level 1. HP: 16/16 MP: 2/2
   612 | D:1      | Reached XP level 2. HP: 23/23 MP: 3/3
  1434 | D:2      | Reached XP level 3. HP: 21/28 MP: 4/4
  1736 | D:2      | Found a faded altar of an unknown god.
  1935 | D:2      | Slain by a jackal

Illustrated notes

Levels and vault maps discovered:
D:1:      minmay_arrival_doors, layout_basic
D:2:      layout_basic, grunt_temple_overflow_forces_of_nature,
          chequers_ecumenical_altar_simple

Skill      XL: |  1  2  3 |
---------------+----------+-----
Bows           | 3 |  3.8
Hexes          | 3 |  3.0
Fighting       | |  1.3
Dodging        | |  1.9
Spellcasting   | |  1.2

Action                   || total
-------------------------++-------
Melee: Whip              ||    52
       Kick              ||     7
 Fire: Shortbow          ||    55
Throw: Dart              ||     5
  Eat: Chunk             ||     2
Armor: Robe              ||    32
Dodge: Dodged            ||    46
